 Seeded DCSS version 0.28-a0-1506-g3893175d92 (webtiles) character file.

Game seed: 759471176321562610 (custom seed)

98 riojii the Magician (level 5, 29/35 HPs)
             Began as a Djinni Fire Elementalist on Jan 13, 2022.
             Quit the game on level 3 of the Dungeon.
             The game lasted 00:03:39 (3041 turns).

riojii the Magician (Djinni Fire Elementalist)      Turns: 3041, Time: 00:03:40

Health: 29/35      AC:  5    Str:  7    XL:     5   Next: 1%
Gold:   43         EV: 11    Int: 18    God:
                   SH:  4    Dex: 14

rFire   + + .      SeeInvis .   (no weapon)
rCold   x . .      Faith    .   (no shield)
rNeg    . . .      Spirit   .   k - +0 leather armour
rPois   ∞          Reflect  .   (no helmet)
rElec   .          Harm     .   (no cloak)
rCorr   .          Rampage  .   (no gloves)
Will    .....                   (boots unavailable)
Stlth   ++........              (no amulet)
HPRegen 0.11/turn               (no ring)
MPRegen 0.00/turn               (no ring)

@: flying
A: sickness immunity, fire resistance 2, cold vulnerability 1, float, innate
caster, hp casting, extra vitality 1, iridescent scales 1, large bone plates 1,
mutation resistance 1, wild magic 1
a: no special abilities


You were on level 3 of the Dungeon.
You visited 1 branch of the dungeon, and saw 3 of its levels.

You collected 43 gold pieces.

Inventory:

Armour
 a - a +0 robe
 k - a +0 leather armour (worn)
Jewellery
 f - a ring of resist corrosion
Scrolls
 b - a scroll of blinking {unknown}
 c - 2 scrolls of teleportation {unknown}
 d - a scroll of fear {unknown}
 e - 3 scrolls of identify {unknown}
 l - a scroll of noise {unknown}
Potions
 g - a potion of curing {unknown}
 h - a potion of brilliance {unknown}
 i - a potion of might {unknown}
 j - a potion of haste {unknown}


   Skills:
 - Level 2.1 Dodging
 - Level 1.5 Stealth
 + Level 4.1 Spellcasting


You couldn't memorise any spells.
You knew the following spells:

 Your Spells              Type           Power      Damage    Failure   Level
a - Foxfire               Conj/Fire      96%        2x1d8     7%          1
b - Scorch                Fire           48%        2d7       10%         2
c - Conjure Flame         Conj/Fire      24%        6-21      17%         3
d - Inner Flame           Hex/Fire       24%        N/A       17%         3
e - Flame Wave            Conj/Fire      24%        2d6       45%         4
f - Pain                  Necr           96%        1d8       7%          1
g - Searing Ray           Conj           48%        2d6       10%         2
Your spell library was empty.

Dungeon Overview and Level Annotations

Branches:
Dungeon (3/15)

Altars:
Uskayaw


Innate Abilities, Weirdness & Mutations

You are immune to sickness and miasma.
You are immune to poison.
Your flesh is very heat resistant. (rF++)
You are vulnerable to cold. (rC-)
You float through the air rather than walking.
You learn spells naturally, not from books.
Your magical power is your life essence.
You have superior vitality. (+4 MHP)
You are partially covered in iridescent scales. (AC +2)
You are partially covered in large bone plates. (SH +4)
You are somewhat resistant to further mutation.
Your spells are a little harder to cast, but a little more powerful.


Message History

You conjure some foxfire!
The foxfire hits the giant cockroach.
The giant cockroach is almost dead.
The foxfire hits the giant cockroach!
You kill the giant cockroach!
A kobold, 2 orcs and an orc wizard come into view.
The kobold shouts!
The kobold moves out of view.
The orc moves out of view.
You conjure some foxfire!
A quokka comes into view.
You conjure some foxfire!
The foxfire hits the orc.
The orc is moderately wounded.
You conjure some foxfire!
The foxfire hits the orc.
The orc is heavily wounded.
The foxfire hits the kobold!
You kill the kobold!
You conjure some foxfire!
The foxfire hits the orc.
You kill the orc!
The foxfire hits the orc!
You kill the orc!
An adder comes into view.
You conjure some foxfire!
The foxfire hits the orc wizard!
The orc wizard is heavily wounded.
The foxfire hits the orc wizard!
The orc wizard is almost dead.
The quokka twitches its whiskers.
You conjure some foxfire!
The foxfire hits the quokka.
You kill the quokka!
The foxfire hits the orc wizard.
You kill the orc wizard!
The foxfire hits the adder.
The adder is moderately wounded.
Your Spellcasting skill increases to level 4!
You have reached level 5!
The power to cast Searing Ray wells up from within.
Spell assigned to 'g'.
An adder is nearby!
An adder is nearby!
Unknown command.
An adder is nearby!
Are you sure you want to abandon this character and quit the game? (Confirm with "yes".)

................
#.###.#<........ ..
............... .
........#...... .# #
...........##.# ..#..
#.###.#.#..##.##))...
...........##....†#
#.###.#.#..##v.§..###
...#.#...v@§§.....
... #.#.###§§.§.###
#... #.#.# #.###)#
#.. #.#.# #.# S. #..
..... ... . ..... ...
.#.. .... .#.###.##


You could see an adder.

Vanquished Creatures
  An orc wizard (D:3)
  3 adders
  2 orcs (D:3)
  8 endoplasms
  2 giant cockroaches
  3 goblins
  4 hobgoblins
  2 jackals (D:2)
  3 quokkas
  2 ball pythons (D:2)
  A bat (D:1)
  A frilled lizard (D:2)
  6 kobolds
  A quokka skeleton (D:2)
  A quokka zombie (D:2)
  2 rats
42 creatures vanquished.

Vanquished Creatures (others)
  125 foxfires
125 creatures vanquished.

Grand Total: 167 creatures vanquished

Notes
Turn   | Place    | Note
-------+----------+-------------------------------------------
     0 | D:1      | riojii the Djinni Fire Elementalist began the quest for the
                  | Orb.
     0 | D:1      | Reached XP level 1. HP: 15/15 MP: 0/0
   540 | D:1      | Reached XP level 2. HP: 19/21 MP: 0/0
   898 | D:1      | Reached skill level 3 in Spellcasting
  1472 | D:1      | Gained mutation: You passively map a small area around you.
                  | [potion of mutation]
  1472 | D:1      | Gained mutation: You are agile. (Dex +2) [potion of
                  | mutation]
  1473 | D:1      | Lost mutation: You are agile. (Dex +2) [potion of mutation]
  1473 | D:1      | Lost mutation: You passively map a small area around you.
                  | [potion of mutation]
  1473 | D:1      | Gained mutation: You are dopey. (Int -2) [potion of
                  | mutation]
  1473 | D:1      | Gained mutation: You passively map a small area around you.
                  | [potion of mutation]
  1474 | D:1      | Lost mutation: You are dopey. (Int -2) [potion of mutation]
  1474 | D:1      | Lost mutation: You passively map a small area around you.
                  | [potion of mutation]
  1474 | D:1      | Gained mutation: You are partially covered in iridescent
                  | scales. (AC +2) [potion of mutation]
  1474 | D:1      | Gained mutation: Your spells are a little harder to cast,
                  | but a little more powerful. [potion of mutation]
  1474 | D:1      | Gained mutation: You are partially covered in large bone
                  | plates. (SH +4) [potion of mutation]
  1474 | D:1      | Gained mutation: You are somewhat resistant to further
                  | mutation. [potion of mutation]
  1505 | D:2      | Reached XP level 3. HP: 23/25 MP: 0/0
  1505 | D:2      | Learned a level 1 spell: Pain
  2184 | D:2      | Reached XP level 4. HP: 26/31 MP: 0/0
  2279 | D:2      | Found a hide-covered altar of Uskayaw.
  3041 | D:3      | Reached skill level 4 in Spellcasting
  3041 | D:3      | Reached XP level 5. HP: 29/35 MP: 0/0
  3041 | D:3      | Learned a level 2 spell: Searing Ray
  3041 | D:3      | Quit the game

Illustrated notes

Levels and vault maps discovered:
D:1:      dpeg_arrival_rooms_c, layout_basic
D:2:      layout_basic, serial_undead, serial_undead_c, serial_undead_b,
          serial_undead_b, serial_undead_a, basic_altar
D:3:      layout_basic, uniq_natasha, uniq_jessica, uniq_terence, uniq_grinder

Skill      XL: |  1  2  3  4 |
---------------+-------------+-----
Spellcasting   | 3 4 |  4.1
Dodging        | |  2.1
Stealth        | |  1.5

Action                   |  1- 3 |  4- 6 || total
-------------------------+-------+-------++-------
 Cast: Foxfire           |    68 |    13 ||    81
       Scorch            |     8 |     3 ||    11
  Use: Potion            |     3 |       ||     3
Armor: Robe              |     4 |       ||     4
       Leather armour    |       |     2 ||     2
Dodge: Dodged            |     3 |     1 ||     4

Table legend: (Time is in decaauts)
 A = Elapsed time spent in this place.
 B = Non-inter-level travel time spent in this place.
 C = Inter-level travel time spent in this place.
 D = Time resting spent in this place.
 E = Time spent auto-exploring this place.
 F = Levels seen in this place.
 G = Mean time per level.
                   A        B        C        D        E       F      G
               +--------+--------+--------+--------+--------+-----+--------+
         Total |   3040 |   2999 |     41 |      0 |   2728 |   3 | 1013.3 |
       Dungeon |   3040 |   2999 |     41 |      0 |   2728 |   3 | 1013.3 |
               +--------+--------+--------+--------+--------+-----+--------+

Top non-repeatable levels by time:
     D:1: 1501 daAuts
     D:2: 1469 daAuts
     D:3: 69 daAuts
